 Dungeon Crawl Stone Soup version 0.21-a0-173-g99db44b (webtiles) character file.

384 GordonOverkill the Chopper (level 6, -1/52 HPs)
             Began as a Demigod Gladiator on Aug 8, 2017.
             Slain by an ogre
             ... wielding a +0 giant club
              (22 damage)
             ... on level 4 of the Dungeon.
             The game lasted 00:07:24 (3753 turns).

GordonOverkill the Chopper (Demigod Gladiator)      Turns: 3753, Time: 00:07:25

Health: -1/52      AC: 11    Str: 21    XL:     6   Next: 23%
Magic:  17/17      EV:  9    Int: 12    God:
Gold:   151        SH:  0    Dex: 17    Spells: 5/5 levels left

rFire    . . .     SeeInvis .   a - +0 hunting sling
rCold    . . .     Gourm    .   (no shield)
rNeg     . . .     Faith    .   u - +0 chain mail
rPois    .         Spirit   .   c - +2 helmet
rElec    .         Reflect  .   (no cloak)
rCorr    .         Harm     .   (no gloves)
MR       .....                  (no boots)
Stlth    ..........             (no amulet)
HPRegen  0.17/turn              g - +3 ring of slaying
MPRegen  0.15/turn              q - ring of magical power

@: no status effects
A: high mp 1
a: no special abilities


You were on level 4 of the Dungeon.
You were not hungry.

You visited 1 branch of the dungeon, and saw 4 of its levels.

You collected 151 gold pieces.

Inventory:

Hand Weapons
 a - a +0 hunting sling (weapon)
 b - a +1 war axe
 r - a +2 flail of protection
Missiles
 d - 3 throwing nets
 l - 208 stones (quivered)
Armour
 c - a +2 helmet (worn)
 u - a +0 chain mail (worn)
Jewellery
 g - a +3 ring of slaying (left hand)
 q - a ring of magical power (right hand)
 s - an uncursed ring of fire
Scrolls
 e - a scroll of remove curse
 h - 2 scrolls of teleportation
 o - a scroll of recharging
Potions
 i - 2 potions of resistance
 j - a potion of lignification {unknown}
 m - a potion of cancellation {unknown}
 p - a potion of might
 v - a potion of agility
 w - 3 potions of brilliance
 x - 2 potions of flight {unknown}
 z - a potion of haste {unknown}
 B - a potion of heal wounds {unknown}
Comestibles
 f - 3 bread rations
 k - 2 meat rations


   Skills:
 + Level 3.7 Fighting
 * Level 5.8 Axes
 - Level 1.7 Throwing
 - Level 2.6 Dodging


You had 5 spell levels left.
You didn't know any spells.

Dungeon Overview and Level Annotations

Branches:
Dungeon (4/15)
 Temple: D:4-7


Innate Abilities, Weirdness & Mutations

You have an increased reservoir of magic. (+10% MP)


Message History

Firing (i - inventory. (,) - cycle):
l - 209 stones (quivered)
Press: ? - help, Shift-Dir - straight line, f/p - phantom
Aim: a phantom (almost destroyed)
You shoot a stone. The stone hits the ogre.
The ogre is lightly wounded.
The phantom blinks!
The ogre hits you with a giant club!
You are too injured to fight recklessly!
You are too injured to fight recklessly!
You see here a stone.
You see here a stone.
The phantom hits you but does no damage.
The phantom blinks!
The phantom barely misses you. The phantom hits you.
The phantom blinks!
You see here a stone.
The phantom blinks!
The phantom closely misses you.
A phantom comes into view.
The ogre hits you with a giant club!!
You die...

.#.###.## #######(#
#..........# .........
.......(# #.#####.##..
.......## ######..# #.#
#.###. ......... #(.# #.#
#.# #. ...##### #..# #.#
#.# #. #..# # #..# #.#
###.###. #..#####.# #.(#
#.# #.......
#.........#######O.# #.#
#.#.####
...##....W......@..#
#.###.#.# #..#
#...##.##.##W# #.##....#
#..# # .
#...>...###.#.###.#
#..##.#.####..........#..#
#.# #..#
#..............##.#.###.#
#...
##.......#.###.##.##...##
#.##.#.#####..#[#
#.##.###.## #.#
#.######..#.# #.##.###.#
#..........# #..>.....#


You could see 2 phantoms and an ogre.

Vanquished Creatures
  Edmund (D:4)
  An orc wizard (D:2)
  A worker ant (D:4)
  A hound skeleton (D:4)
  4 gnolls (D:4)
  6 adders
  An adder skeleton (D:4)
  5 worms
  2 dart slugs
  3 leopard geckos (D:4)
  6 orcs (D:3)
  3 giant cockroaches (D:1)
  4 goblins
  11 hobgoblins
  2 jackals (D:3)
  5 kobolds
  2 quokkas
  11 bats
  2 frilled lizards
  10 rats
81 creatures vanquished.

Notes
Turn   | Place    | Note
-------+----------+-------------------------------------------
     0 | D:1      | GordonOverkill the Demigod Gladiator began the quest for the Orb.
     0 | D:1      | Reached XP level 1. HP: 17/17 MP: 3/3
   252 | D:1      | Reached skill level 3 in Axes
   296 | D:1      | Reached XP level 2. HP: 22/24 MP: 4/4
   819 | D:2      | Found a shadowy altar of Dithmenos.
   854 | D:2      | Found a white marble altar of Elyvilon.
  1164 | D:2      | Reached XP level 3. HP: 29/29 MP: 5/5
  1370 | D:2      | Reached skill level 4 in Axes
  1642 | D:3      | Found a burning altar of Makhleb.
  1742 | D:2      | Reached XP level 4. HP: 25/37 MP: 6/6
  2605 | D:4      | Noticed Edmund
  2612 | D:4      | Noticed a phantom
  2932 | D:3      | Reached XP level 5. HP: 45/45 MP: 7/7
  3009 | D:4      | Reached skill level 5 in Axes
  3129 | D:4      | Killed Edmund
  3129 | D:4      | Reached XP level 6. HP: 33/51 MP: 8/8
  3753 | D:4      | Slain by an ogre

Vault maps used:
D:1:      lemuel_arrival_hallway, lemuel_another_geyser
D:2:      overflow_temple_1_default, lemuel_doored_altar, first_bread
D:3:      lemuel_crystal_altar
D:4:      kennysheep_little_box, nrook_mini_backslash, uniq_edmund

Skill      XL: |  1  2  3  4  5 |
---------------+----------------+-----
Axes           | 3 4 5 |  5.8
Fighting       | 2 3 |  3.7
Throwing       | |  1.7
Dodging        | |  2.6

Action                   |  1- 3 |  4- 6 || total
-------------------------+-------+-------++-------
Melee: War axe           |    62 |    68 ||   130
 Fire: Hunting sling     |    46 |   100 ||   146
  Use: Scroll            |     8 |     6 ||    14
       Potion            |       |     2 ||     2
  Eat: Chunk             |     2 |     7 ||     9
Armor: Leather armour    |     5 |       ||     5
       Ring mail         |     9 |       ||     9
       Scale mail        |    19 |    12 ||    31
       Chain mail        |       |    40 ||    40
Dodge: Dodged            |    45 |    43 ||    88
